 Dungeon Crawl Stone Soup version 0.28-a0-1404-g4df0f3684d (webtiles) character file.

Game seed: 9310976630673417299

1009 HallandMoats the Shield-Bearer (level 8, -5/58 HPs)
             Began as a Djinni Fighter on Jan 5, 2022.
             Was a Priest of Cheibriados.
             Killed by nerve-wracking pain
             ... invoked by Grinder
              (9 damage)
             ... on level 5 of the Dungeon.
             The game lasted 00:04:55 (4810 turns).

HallandMoats the Shield-Bearer (Djinni Fighter)     Turns: 4810, Time: 00:04:55

Health: -5/58      AC: 11    Str: 23    XL:     8   Next: 44%
Gold:   181        EV: 12    Int: 24    God:    Cheibriados [***...] SH:  7 Dex: 25

rFire   + + .      SeeInvis .   a - +0 war axe
rCold   x . .      Faith    .   c - +0 buckler
rNeg    . . .      Spirit   .   d - +1 scale mail of Hairiness {Will+ Int+6}
rPois   ∞          Reflect  .   (no helmet)
rElec   .          Harm     .   g - +0 cloak
rCorr   .          Rampage  .   (no gloves)
Will    +....      Rage     1%  (boots unavailable)
Stlth   ..........              (no amulet)
HPRegen 0.19/turn               (no ring)
MPRegen 0.00/turn               (no ring)

@: silenced, flying, very slow
A: sickness immunity, fire resistance 2, cold vulnerability 1, float, innate
caster, hp casting, extra vitality 1, iridescent scales 1, agile 1, berserk 1
a: Renounce Religion


You were on level 5 of the Dungeon.
You worshipped Cheibriados.
Cheibriados was most pleased with you.
You visited 1 branch of the dungeon, and saw 5 of its levels.

You collected 201 gold pieces.
You spent 20 gold pieces at shops.

Inventory:

Hand Weapons
 a - a +0 war axe (weapon)
Armour
 c - a +0 buckler (worn)
 d - the +1 scale mail of Hairiness (worn) {Will+ Int+6}
   (You found it on level 4 of the Dungeon)

   Int:       It affects your intelligence (+6).
   Will:      It increases your willpower.
 g - a +0 cloak (worn)
Scrolls
 e - a scroll of teleportation {unknown}
 h - a scroll of fear {unknown}
 i - a scroll of enchant armour {unknown}
 n - 2 scrolls of blinking {unknown}
 o - a scroll of vulnerability {unknown}
Potions
 f - 3 potions of curing


   Skills:
 + Level 4.7 Fighting
 + Level 3.4 Axes
 + Level 4.7 Armour
 + Level 3.7 Dodging
 - Level 5.1 Shields
 * Level 3.1 Invocations


You had one spell level left.
You knew the following spells:

 Your Spells              Type           Power      Damage    Failure   Level
a - Shock                 Conj/Air       0%         1d3       41%         1
b - Passwall              Tmut/Erth      0%         N/A       56%         2
c - Confusing Touch       Hex            0%         N/A       80%         3
Your spell library was empty.

Dungeon Overview and Level Annotations

Branches:
Dungeon (5/15)
 Temple: D:4-7

Altars:
Cheibriados
Nemelex Xobeh
Vehumet
Zin

Shops:
D:4 *

Annotations:
D:5 Grinder


Innate Abilities, Weirdness & Mutations

You are immune to sickness and miasma.
You are immune to poison.
Your flesh is very heat resistant. (rF++)
You are vulnerable to cold. (rC-)
You float through the air rather than walking.
You learn spells naturally, not from books.
Your magical power is your life essence.
You have superior vitality. (+4 MHP)
You are partially covered in iridescent scales. (AC +2)
You are agile. (Dex +2)
You tend to lose your temper in combat.


Message History

Grinder gestures at you. You resist with almost no effort.
Grinder gestures at you. Pain shoots through your body!
* * * LOW HITPOINT WARNING * * *
Grinder closely misses you. Grinder barely misses you.
You hit Grinder.
Grinder is heavily wounded.
Grinder barely misses you.
You barely miss Grinder.
Grinder is heavily wounded.
Grinder zaps a wand.
The puff of flame misses you.
You barely miss Grinder.
Grinder is heavily wounded.
Grinder hits you.
* * * LOW HITPOINT WARNING * * *
Grinder hits you but does no damage.
You hit Grinder.
Grinder is heavily wounded.
Grinder blinks!
Grinder gestures at you.
You easily resist.
Grinder gestures at you.
You easily resist.
Grinder drinks a potion.
Grinder is healed!
Grinder blinks!
Grinder barely misses you.
As you read the scroll labelled SOBLESTAL ABUPS, it crumbles to dust.
A profound silence engulfs you.
It was a scroll of silence.
Grinder gestures at you. You resist with almost no effort.
Grinder zaps a wand.
The puff of flame hits you but does no damage.
You resist. Grinder gestures at you. You resist with almost no effort.
Grinder lashes her tail.
Grinder blinks!
Grinder gestures at you. Pain shoots through your body!
You die...

...≈≈_§≈...##.###........
#.§§≈§§≈...#### ######+##
#..≈§≈..#.####
####§§.§§..#.#..#
#..#.....##.....#
##......5.###....#
#.........#......#
#.......§.....#(##
##.).......@..###
#...8.....#..#
............###.#
#.#..8.8.8....#.# ..
##.......#..... (.
......####.....# .
....?..# #..... ........
#..... ....... ....


You could see Grinder (unsilenced).

Vanquished Creatures
  The ghost of IdlyInterested the Sneak, a novice DsBr (D:4)
  2 black bears (D:4)
  A centaur (D:5)
  A bullfrog (D:4)
  A scorpion (D:3)
  A centaur zombie (D:5)
  2 orc priests (D:4)
  Terence (D:3)
  2 orc wizards
  A howler monkey skeleton (D:4)
  9 adders
  A white imp (D:5)
  2 worms
  2 dart slugs (D:3)
  9 orcs
  3 ball pythons
  7 bats
  2 endoplasms
  A giant cockroach (D:2)
  4 goblins
  6 hobgoblins
  4 jackals (D:1)
  A quokka (D:3)
  3 frilled lizards
  6 kobolds
  3 rats
76 creatures vanquished.

Notes
Turn   | Place    | Note
-------+----------+-------------------------------------------
     0 | D:1      | HallandMoats the Djinni Fighter began the quest for the
                  | Orb.
     0 | D:1      | Reached XP level 1. HP: 20/20 MP: 0/0
    51 | D:1      | Reached XP level 2. HP: 16/25 MP: 0/0
   434 | D:1      | Found a faded altar of an unknown god.
   755 | D:1      | Prayed at the altar of an unknown god.
   755 | D:1      | Became a worshipper of Cheibriados the Contemplative
   755 | D:1      | Reached * piety under Cheibriados
  1060 | D:2      | Found a glowing silver altar of Zin.
  1066 | D:2      | Reached XP level 3. HP: 30/30 MP: 0/0
  1066 | D:2      | Learned a level 1 spell: Shock
  1241 | D:2      | You are sucked into a shaft and drop 1 floor!
  1506 | D:2      | Reached skill level 1 in Dodging
  1739 | D:2      | Reached XP level 4. HP: 35/35 MP: 0/0
  1776 | D:2      | Reached ** piety under Cheibriados
  2106 | D:3      | Noticed Terence
  2114 | D:3      | Killed Terence
  2186 | D:3      | Noticed a scorpion
  2193 | D:3      | Killed a scorpion
  2194 | D:3      | Reached skill level 4 in Shields
  2194 | D:3      | Reached XP level 5. HP: 35/40 MP: 0/0
  2194 | D:3      | Learned a level 2 spell: Passwall
  2365 | D:3      | Reached XP level 6. HP: 10/47 MP: 0/0
  2918 | D:4      | Reached *** piety under Cheibriados
  3317 | D:4      | Found a snail-covered altar of Cheibriados.
  3377 | D:4      | Noticed a black bear
  3388 | D:4      | Killed a black bear
  3389 | D:4      | Reached XP level 7. HP: 32/52 MP: 0/0
  3389 | D:4      | Learned a level 3 spell: Confusing Touch
  3425 | D:4      | Identified the +1 scale mail of Hairiness {Will+ Int+6}
  3617 | D:4      | Reached skill level 5 in Shields
  3993 | D:4      | Found Teshrei's General Store.
  3995 | D:4      | Found Igoduz's Specific Store.
  4007 | D:4      | Bought a scroll of identify for 20 gold pieces
  4071 | D:4      | Found a runed translucent door.
  4075 | D:4      | Noticed IdlyInterested's ghost (novice DsBr)
  4539 | D:4      | Reached skill level 1 in Invocations
  4567 | D:4      | Killed IdlyInterested's ghost
  4568 | D:4      | Reached XP level 8. HP: 45/58 MP: 0/0
  4662 | D:5      | Entered Level 5 of the Dungeon
  4662 | D:5      | Found a glowing silver altar of Zin.
  4698 | D:5      | Found a sparkling altar of Nemelex Xobeh.
  4782 | D:5      | Noticed Grinder
  4784 | D:5      | Gained mutation: You tend to lose your temper in combat.
                  | [potion of mutation]
  4784 | D:5      | Gained mutation: You are agile. (Dex +2) [potion of
                  | mutation]
  4784 | D:5      | Gained mutation: You are partially covered in iridescent
                  | scales. (AC +2) [potion of mutation]
  4796 | D:5      | HP: 1/58 [Grinder/nerve-wracking pain (8)]
  4810 | D:5      | Killed from afar by Grinder

Illustrated notes

Levels and vault maps discovered:
D:1:      elethiomel_arrival_infinity_welcomes_careful_drivers,
          layout_loops_ring, ebering_ecumenical_altar_box
D:2:      layout_basic, basic_altar, kennysheep_generic_room_10
D:3:      layout_basic, uniq_terence
D:4:      layout_basic, kennysheep_mini_moat, mainiacjoe_overflow_chevrons,
          ebering_ghost_sewer_d, kennysheep_doodads, nicolae_specific_store,
          minmay_door_square, interstate_on_off, minmay_misc_feat_x
D:5:      lemuel_insect_pit, layout_cave_pools, mainiacjoe_overflow_catwalk,
          mainiacjoe_overflow_concentric_impassable, serial_column_ruins,
          column_ruins_open_small_water, column_ruins_grid_1,
          column_ruins_grid_1, column_ruins_grid_3, uniq_grinder

Skill      XL: |  1  2  3  4  5  6  7  8 |
---------------+-------------------------+-----
Dodging        | 1 2 3 |  3.7
Axes           | 2 3 |  3.4
Shields        | 4 5 |  5.1
Fighting       | 4 |  4.7
Armour         | 4 |  4.7
Invocations    | 2 3 |  3.1

Action                   |  1- 3 |  4- 6 |  7- 9 || total
-------------------------+-------+-------+-------++-------
Melee: War axe           |    90 |   100 |    89 ||   279
Invok: Bend Time         |       |       |     2 ||     2
       Temporal Distorti |       |       |     1 ||     1
  Use: Potion            |       |     2 |     1 ||     3
       Scroll            |       |       |     5 ||     5
Armor: Scale mail        |    52 |    56 |    56 ||   164
Dodge: Dodged            |    36 |    61 |    75 ||   172
Block: Buckler           |    44 |    36 |    29 ||   109

Table legend: (Time is in decaauts)
 A = Elapsed time spent in this place.
 B = Non-inter-level travel time spent in this place.
 C = Inter-level travel time spent in this place.
 D = Time resting spent in this place.
 E = Time spent auto-exploring this place.
 F = Levels seen in this place.
 G = Mean time per level.
                   A        B        C        D        E       F      G
               +--------+--------+--------+--------+--------+-----+--------+
         Total |   6174 |   5800 |    374 |    433 |   4552 |   5 | 1234.8 |
       Dungeon |   6174 |   5800 |    374 |    433 |   4552 |   5 | 1234.8 |
               +--------+--------+--------+--------+--------+-----+--------+

Top non-repeatable levels by time:
     D:4: 2452 daAuts
     D:3: 1409 daAuts
     D:1: 1078 daAuts
     D:2: 1003 daAuts
     D:5: 230 daAuts
